 Dungeon Crawl Stone Soup version 0.15-a0-2144-g51de978 (webtiles) character file.

135 Bubba the Ruffian (level 4, 0/40 HPs)
             Began as a Centaur Monk on July 18, 2014.
             Killed from afar by a white imp (10 damage)
             ... with a puff of frost
             ... summoned by Natasha
             ... on Level 3 of the Dungeon.
             The game lasted 00:09:19 (2271 turns).

Bubba the Ruffian (Centaur Monk)                    Turns: 2271, Time: 00:09:20

HP   0/40        AC  5     Str 14      XL: 4   Next: 97%
MP   3/3         EV 10     Int  9      God:
Gold 140         SH  0     Dex 12      Spells:  0 memorised,  3 levels left

rFire  . . .     SeeInvis .       - Unarmed
rCold  . . .     Clarity  .     m - +0 robe
rNeg   . . .     rCorr    .     (no shield)
rPois  .         rRot     .     e - +0 helmet
rElec  .         Spirit   .     (no cloak)
SustAb .         Warding  .     (no gloves)
rMut   .         Stasis   .     (no barding)
Gourm  .                        (no amulet)
MR     .....                    (no ring)
                                (no ring)

@: slowed, not resistant to hostile enchantments, very unstealthy
A: hooves 3, deformed body, speed 2, tough skin 3
a: no special abilities


You were on level 3 of the Dungeon.
You were not hungry.

You visited 1 branch of the dungeon, and saw 3 of its levels.

You collected 140 gold pieces.

Inventory:

Hand weapons
 c - a +4 dagger
 h - a +1 dagger of draining
 r - a +1 dagger of venom
 B - a +0 dagger of flaming
Missiles
 j - 19 arrows of flame
 w - 19 poisoned needles
 x - 7 silver bolts
 y - 8 tomahawks (quivered)
Armour
 a - a +0 robe
 e - a +0 helmet (worn)
 g - a +0 leather armour
 m - a +0 robe (worn)
 n - a +0 large shield
Comestibles
 b - 3 bread rations
 o - 2 meat rations
 p - 3 beef jerkies
 z - 2 rotting chunks of orc flesh
 A - 2 rotting chunks of orc flesh
Scrolls
 f - 2 scrolls of fog
 l - a scroll of magic mapping
 t - 2 scrolls of teleportation
Potions
 d - 2 potions of restore abilities
 i - 2 potions of might {unknown}
 k - a potion of degeneration {unknown}
 v - 2 potions of brilliance {unknown}


   Skills:
 + Level 4.1 Fighting
 + Level 1.8 Throwing
 - Level 2.1 Dodging
 - Level 1.2 Stealth
 + Level 5.3 Unarmed Combat


You had 3 spell levels left.
You didn't know any spells.

Dungeon Overview and Level Annotations

Branches:
Dungeon (3/15)

Altars:

Annotations:
D:3 Natasha


Innate Abilities, Weirdness & Mutations

You have hooves in place of feet.
Armour fits poorly on your strangely shaped body.
You cover ground very quickly.
You have extremely tough skin (AC +3).


Message History

Natasha casts a spell.
You hit Natasha but do no damage. Your kick misses Natasha.
Natasha is moderately wounded.
Natasha claws you.
You hit Natasha but do no damage. You kick Natasha, but do no damage.
Natasha is moderately wounded.
Natasha claws you.
* * * LOW HITPOINT WARNING * * *
The white imp hits you but does no damage.
You are too injured to fight recklessly!
Drink which item? (? for menu, Esc to quit)
Okay, then.
Read which item? (? for menu, Esc to quit)
As you read the scroll of fog, it crumbles to dust.
The scroll dissolves into smoke.
Natasha casts a spell at you.
You feel as though you will be slow longer.
The white imp gestures at you. The puff of frost hits you!
You die...

########...############..........
........... #####.## #..########
.#### # ##..........# #..#
........ ....#####.## #..#
..########...# #.# #..##### . #
##..# #.# #...%..# ..# .# ##.##
##.###.# ..# ..# ##§§.####.###.#
.## #..###@§#..##...##.# #
##...§h5###....#.##.# .#
#...###§.#..##...##.# .# #..##
##...########.# ###### #.## ##5##
#.# .. ...# #.# #.# #.### .####.#
.# #.# #...# .# #.# #.# #.# ###.#
###. #.# #.# #.#


You could see Natasha, a crimson imp and a white imp.

Vanquished Creatures
  2 orc wizards (D:3)
  3 adders
  A worm (D:2)
  6 orcs (D:3)
  4 hobgoblins
  10 kobolds
  A ball python (D:2)
  3 bats
  4 giant cockroaches
  A giant gecko (D:1)
  4 giant newts
  5 goblins
  4 rats
48 creatures vanquished.

Notes
Turn   | Place    | Note
--------------------------------------------------------------
     0 | D:1      | Bubba, the Centaur Monk, began the quest for the Orb.
     0 | D:1      | Reached XP level 1. HP: 19/19 MP: 1/1
   316 | D:1      | Reached XP level 2. HP: 26/26 MP: 2/2
   964 | D:2      | Reached XP level 3. HP: 22/31 MP: 3/3
  1817 | D:3      | Reached skill level 1 in Throwing
  1817 | D:3      | Reached skill level 5 in Unarmed Combat
  1817 | D:3      | Reached XP level 4. HP: 31/40 MP: 3/3
  2259 | D:3      | Noticed Natasha
  2271 | D:3      | Killed from afar by a white imp

Action                   |  1- 3 |  4- 6 || total
-------------------------+-------+-------++-------
Melee: Unarmed           |    95 |    49 ||   144
Throw: Tomahawk          |    18 |       ||    18
  Use: Scroll            |     1 |     6 ||     7
  Eat: Chunk             |     1 |     2 ||     3
